 Dungeon Crawl Stone Soup version 0.31-a0-358-gac0dbeb3ab (webtiles) character file.

Game seed: 3748836343934049586

554 randomguy2701 the Chopper (level 7, -3/61 HPs)
             Began as a Minotaur Fighter on July 26, 2023.
             Succumbed to an orc wizard's poison
             ... on level 6 of the Dungeon.
             The game lasted 00:05:03 (3202 turns).

randomguy2701 the Chopper (Minotaur Fighter)        Turns: 3202, Time: 00:05:03

Health: -3/61      AC: 12    Str: 20    XL:     7   Next: 8%
Magic:  6/6        EV:  8    Int:  5    God:
Gold:   176        SH:  0    Dex: 18    Spells: 6/6 levels left

rFire   + . .        a - +0 war axe
rCold   + . .        (no shield)
rNeg    . . .        q - +0 chain mail
rPois   +            (helmet restricted)
rElec   +            (no cloak)
rCorr   +            (no gloves)
SInv    .            (no boots)
Will    .....        (no amulet) Stlth
                     w - +6 ring of dexterity
HPRegen 0.30/turn    (no ring)
MPRegen 0.10/turn

%: no passive effects
@: mighty, lethally poisoned (-3 -> -34), resistant
A: horns 2, retaliatory headbutt, iridescent scales 1, MP-powered wands
a: no special abilities


You were on level 6 of the Dungeon.
You visited 1 branch of the dungeon, and saw 6 of its levels.

You collected 176 gold pieces.

Inventory:

Hand Weapons
 a - a +0 war axe (weapon)
Armour
 p - an orb of mayhem
 q - a +0 chain mail (worn)
 r - a +0 kite shield
Jewellery
 w - a +6 ring of dexterity (left hand)
Wands
 z - a wand of digging (3)
Scrolls
 c - a scroll of enchant weapon {unknown}
 e - 2 scrolls of noise {unknown}
 f - 4 scrolls of identify {unknown}
 g - a scroll of blinking {unknown}
 o - 3 scrolls of teleportation {unknown}
 s - a scroll of torment {unknown}
 t - a scroll of enchant armour {unknown}
 v - a scroll of poison {unknown}
 y - a scroll of fear {unknown}
Potions
 b - a potion of haste {unknown}
 d - a potion of might
 h - a potion of heal wounds {unknown}
 i - 2 potions of brilliance {unknown}
 j - 2 potions of mutation
 k - a potion of lignification {unknown}
 l - a potion of enlightenment {unknown}
 m - a potion of magic {unknown}
 n - a potion of attraction {unknown}
 u - a potion of resistance
 x - a potion of curing {unknown}


   Skills:
 + Level 5.3 Fighting
 + Level 6.0 Axes
 + Level 5.6 Armour
 + Level 1.2 Dodging
 - Level 0.1 Stealth
 + Level 5.1 Shields


You had 6 spell levels left.
You didn't know any spells.
Your spell library contained the following spells:

 Spells                   Type           Power      Damage    Failure   Level
 Apportation              Tloc           0%         N/A       98%         1
 Necrotise                Necr           0%         1d4       98%         1
 Summon Small Mammal      Summ           0%         N/A       98%         1
 Ozocubu's Armour         Ice            0%         N/A       100%        3
 Cause Fear               Hex            0%         N/A       100%        4
 Fireball                 Conj/Fire      0%         3d3       100%        5
 Ozocubu's Refrigeration  Ice            0%         4d7       100%        7
 Dragon's Call            Summ           0%         N/A       100%        9


Dungeon Overview and Level Annotations

Branches:
Dungeon (6/15)             Temple (0/1) D:4

Altars:
Ashenzari

Annotations:
D:2 Sigmund


Innate Abilities, Weirdness & Mutations

You have a pair of horns on your head.
You reflexively headbutt those who attack you in melee.
You are partially covered in iridescent scales. (AC +2)
You expend magic power (3 MP) to strengthen your wands.


Message History

You are more poisoned.
The orc warrior hits you but does no damage.
You continue taking off your +0 kite shield.
You feel sick. You block something's attack.
You block the orc warrior's attack.
You continue taking off your +0 kite shield.
You feel sick. Something hits you but does no damage.
You are more poisoned.
The orc priest invokes the aid of Beogh against you.
Beogh smites you! You block the orc warrior's attack.
You finish taking off your +0 kite shield.
Unknown command.
You feel very mighty all of a sudden.
* * * LOW HITPOINT WARNING * * *
You feel very sick. Something hits you but does no damage.
You are lethally poisoned!
The orc warrior closely misses you. You furiously retaliate!
You headbutt the orc warrior! You slash something! You slash the orc warrior!
* * * LOW HITPOINT WARNING * * *
You feel very sick. Something hits you.
* * * LOW HITPOINT WARNING * * *
You are more poisoned.
The orc warrior hits you but does no damage.
It was a potion of mutation.
You feel extremely strange.
Iridescent scales grow over part of your body.
You feel your magical essence link to the dungeon's wands.
* * * LOW HITPOINT WARNING * * *
You feel very sick. Something hits you but does no damage.
You are more poisoned.
The orc priest calls upon Beogh to heal the orc warrior.
The orc warrior is healed somewhat.
The orc warrior hits you but does no damage.
Sorry, you're not good enough to have a special ability.
It was a potion of resistance.
You feel protected.
You die...

#. .# #
#.#.#.#
...(#. #....
#...# #...#
#...# #
#.@##.#.#.#
#.o{o......
#.#o#...#.#
#######.#.#
.....
###....##.#.#
##..
#.......#.#.#
#
#.#.#..##.#.#
#...#..##.#.#
#####..##.#.#


You could see an orc warrior, an orc priest and an orc.

Vanquished Creatures
  An ice beast (D:4)
  An ogre (D:5)
  2 scorpions (D:5)
  An orc priest (D:3)
  A hound (D:4)
  3 iguanas (D:5)
  An orc wizard (D:5)
  2 adders (D:3)
  2 ufetubi (D:5)
  A worm (D:2)
  A dart slug (D:1)
  13 orcs
  3 ball pythons
  2 endoplasms
  2 giant cockroaches
  5 goblins
  7 hobgoblins
  4 jackals (D:1)
  A quokka (D:1)
  4 bats (D:1)
  2 frilled lizards
  4 kobolds
  2 rats
65 creatures vanquished.

Notes
Turn   | Place    | Note
-------+----------+-------------------------------------------
     0 | D:1      | randomguy2701 the Minotaur Fighter began the quest for the
                  | Orb.
     0 | D:1      | Reached XP level 1. HP: 19/19 MP: 0/0
   125 | D:1      | Reached XP level 2. HP: 27/27 MP: 1/1
   699 | D:2      | Reached XP level 3. HP: 30/33 MP: 2/2
   720 | D:2      | Found a broken altar of Ashenzari.
   722 | D:2      | Noticed Sigmund
  1063 | D:3      | Reached skill level 3 in Axes
  1074 | D:3      | Reached XP level 4. HP: 21/41 MP: 3/3
  1700 | D:4      | Found a staircase to the Ecumenical Temple.
  1736 | D:4      | Reached skill level 4 in Axes
  1736 | D:4      | Reached XP level 5. HP: 34/47 MP: 4/4
  1855 | D:4      | Noticed an ice beast
  1861 | D:4      | Killed an ice beast
  2072 | D:4      | Reached skill level 5 in Fighting
  2535 | D:5      | Entered Level 5 of the Dungeon
  2546 | D:5      | Reached skill level 5 in Axes
  2546 | D:5      | Reached skill level 1 in Dodging
  2546 | D:5      | Reached XP level 6. HP: 46/56 MP: 5/5
  2610 | D:5      | Reached skill level 5 in Armour
  2963 | D:5      | Reached skill level 6 in Axes
  2963 | D:5      | Reached skill level 5 in Shields
  2963 | D:5      | Reached XP level 7. HP: 49/61 MP: 6/6
  3036 | D:5      | Noticed a kobold demonologist
  3037 | D:5      | Noticed a yak
  3038 | D:5      | Noticed a sun demon
  3201 | D:6      | Gained mutation: You are partially covered in iridescent
                  | scales. (AC +2) [potion of mutation]
  3201 | D:6      | Gained mutation: You expend magic power (3 MP) to
                  | strengthen your wands. [potion of mutation]
  3202 | D:6      | Succumbed to an orc wizard's poison

Illustrated notes

Levels and vault maps discovered:
D:1:      tarquinn_simple_flora_water_f, layout_loops_cross
D:2:      layout_basic, basic_altar, ebering_ecumenical_altar_rust,
          small_statue_intersection, uniq_robin, uniq_sigmund, uniq_jessica
D:3:      layout_rooms
D:4:      layout_basic, minmay_temple_entry_tees
D:5:      cheibrodos_fzero, layout_rooms, enter_ossuary_4
D:6:      layout_basic, nicolae_overflow_macrodata_refinement,
          kb_lookout_dungeons_type, uniq_maggie

Skill      XL: |  1  2  3  4  5  6 |
---------------+-------------------+-----
Fighting       | 4 5 |  5.3
Shields        | 4 5 |  5.1
Armour         | 4 5 |  5.6
Axes           | 3 4 5 6 |  6.0
Dodging        | 1 |  1.2
Stealth        | |  0.1

Action                     |  1- 3 |  4- 6 |  7- 9 || total
---------------------------+-------+-------+-------++-------
  Melee: War axe           |    75 |    93 |     5 ||   173
         Headbutt          |     5 |    13 |       ||    18
    Use: Potion            |       |       |     3 ||     3
 Armour: Scale mail        |    28 |       |       ||    28
         Chain mail        |    40 |    47 |     9 ||    96
  Dodge: Dodged            |    28 |    22 |     5 ||    55
  Block: Buckler           |    15 |       |       ||    15
         Kite shield       |    19 |    51 |    11 ||    81

Table legend: (Time is in decaauts)
 A = Elapsed time spent in this place.
 B = Non-inter-level travel time spent in this place.
 C = Inter-level travel time spent in this place.
 D = Time resting spent in this place.
 E = Time spent auto-exploring this place.
 F = Levels seen in this place.
 G = Mean time per level.
                   A        B        C        D        E       F      G
               +--------+--------+--------+--------+--------+-----+--------+
         Total |   3274 |   3035 |    239 |     26 |   2466 |   6 |  545.7 |
       Dungeon |   3274 |   3035 |    239 |     26 |   2466 |   6 |  545.7 |
               +--------+--------+--------+--------+--------+-----+--------+

Top non-repeatable levels by time:
     D:4: 966 daAuts
     D:1: 810 daAuts
     D:3: 541 daAuts
     D:5: 540 daAuts
     D:2: 271 daAuts
     D:6: 144 daAuts
